 Dungeon Crawl Stone Soup version 0.27-a0-1359-ga2a4dfd6fd (webtiles) character file.

Game seed: 5872257358878362348

1666 Gwenloh the Cleaver (level 8, -3/100 HPs)
             Began as a Minotaur Berserker on June 28, 2021.
             Was a Priest of Trog.
             Succumbed to a hornet's poison
             ... while paralysed by a hornet
             ... on level 7 of the Dungeon.
             The game lasted 00:14:37 (7009 turns).

Gwenloh the Cleaver (Minotaur Berserker)            Turns: 7009, Time: 00:14:37

Health: -3/100     AC:  9    Str: 23    XL:     8   Next: 69%
Magic:  7/7        EV:  2    Int:  4    God:    Trog [***...]
Gold:   221        SH:  0    Dex: 17    Spells: 7/7 levels left

rFire    . . .     SeeInvis .   a - +0 war axe
rCold    . . .     Faith    .   (no shield)
rNeg     . . .     Spirit   .   J - +0 scale mail
rPois    .         Reflect  .   (helmet restricted)
rElec    .         Harm     .   (no cloak)
rCorr    .         Rampage  .   C - +0 pair of gloves
Will     +....                  r - +0 pair of boots
Stlth    ..........             y - amulet of the acrobat
HPRegen  0.26/turn              i - ring of willpower
MPRegen  0.10/turn              n - +6 ring of dexterity

@: paralysed, berserking, lethally poisoned (-3 -> -21), slowed
A: horns 2, retaliatory headbutt
a: Renounce Religion, Berserk, Trog's Hand


You were on level 7 of the Dungeon.
You worshipped Trog.
Trog was most pleased with you.
You visited 1 branch of the dungeon, and saw 7 of its levels.

You collected 273 gold pieces.
You spent 52 gold pieces at shops.

Inventory:

Hand Weapons
 a - a +0 war axe (weapon)
 b - a +0 hunting sling
 I - a +2 flail
Missiles
 c - 161 stones
 e - 28 poisoned darts (quivered)
 l - 39 arrows
 m - 8 boomerangs
 p - 54 bolts
 u - 33 sling bullets
Armour
 r - a +0 pair of boots (worn)
 C - a +0 pair of gloves (worn)
 J - a +0 scale mail (worn)
Jewellery
 i - a ring of willpower (left hand)
 n - a +6 ring of dexterity (right hand)
 y - an amulet of the acrobat (around neck)
Wands
 d - a wand of acid (6)
 v - a wand of paralysis (6)
Scrolls
 o - 2 scrolls of silence
 q - 6 scrolls of teleportation
 s - 2 scrolls of enchant weapon
 w - 2 scrolls of identify
 A - a scroll of blinking
 B - 2 scrolls of noise
 D - a scroll of immolation
 F - a scroll of fog {unknown}
 G - a scroll of vulnerability {unknown}
 H - a scroll of summoning {unknown}
Potions
 g - 3 potions of attraction
 h - 2 potions of invisibility
 j - 3 potions of resistance
 k - a potion of heal wounds {unknown}
 t - a potion of magic {unknown}
 x - a potion of degeneration {unknown}
 z - 2 potions of might
 E - a potion of lignification {unknown}


   Skills:
 + Level 4.8 Fighting
 * Level 12.2 Axes
 + Level 4.0 Armour
 + Level 3.6 Dodging


You had 7 spell levels left.
You didn't know any spells.
Your spell library was empty.

Dungeon Overview and Level Annotations

Branches:
Dungeon (7/15)             Temple (0/1) D:6

Altars:
Nemelex Xobeh
Trog
Vehumet
Wu Jian
Xom
Yredelemnul
The Shining One

Shops:
D:5 *


Innate Abilities, Weirdness & Mutations

You have a pair of horns on your head.
You reflexively headbutt those who attack you in melee.


Message History

The hornet stings you.
You feel yourself slow down. The hornet stings you!
You are poisoned.
You feel as though you will be slow longer.
You closely miss the hornet. Your headbutt misses the hornet.
The hornet is heavily wounded.
You feel very sick. The hornet stings you!
You are more poisoned.
You feel as though you will be slow longer.
The hornet stings you.
You are more poisoned.
You feel as though you will be slow longer.
A red film seems to cover your vision as you go berserk!
You feel yourself moving faster!
You feel mighty!
You feel extremely sick. The hornet closely misses you.
The hornet stings you but does no damage.
You closely miss the hornet.
The hornet is heavily wounded.
You feel very sick.
The hornet stings you but does no damage. x2
You completely miss the hornet. You headbutt the hornet.
The hornet is heavily wounded.
Your skin stops crawling.
You feel less strong-willed.
You feel very sick. The hornet stings you!
* * * LOW HITPOINT WARNING * * *
You suddenly lose the ability to move!
You feel very sick. The hornet stings you!
* * * LOW HITPOINT WARNING * * *
You are more poisoned.
You feel as though you will be slow longer.
The hornet stings you.
* * * LOW HITPOINT WARNING * * *
You feel as though you will be slow longer.
* * * LOW HITPOINT WARNING * * *
You feel very sick.
The hornet stings you but does no damage.
You die...

# ## # #. #. ##. ... #..
#...## ##.. ......#
###... .......### #.....
...?...@.## #####.....
......y#..#####.........
.......##...............
....... #>..#######.....
....... #..## #.....
....... #..# #.....
.......##..# ##....
(.....##..## #.... #..#
#...#


You could see a hornet.

Vanquished Creatures
  2 black bears
  2 sky beasts
  2 ice beasts (D:5)
  An ogre (D:5)
  Blork the orc (D:4)
  A scorpion (D:5)
  5 wights (D:7)
  A howler monkey (D:5)
  2 centaur skeletons
  A jelly (D:5)
  3 hounds
  3 orc priests
  A gnoll shaman (D:4)
  3 iguanas
  2 orc wizards
  A hound skeleton (D:4)
  4 gnolls (D:4)
  9 adders
  An ufetubus (D:5)
  An adder skeleton (D:5)
  3 worms (D:2)
  A dart slug (D:3)
  12 orcs
  9 ball pythons
  2 endoplasms
  7 giant cockroaches
  5 hobgoblins
  8 jackals
  7 kobolds
  4 quokkas
  6 bats
  3 frilled lizards
  9 goblins
  5 rats
127 creatures vanquished.

Notes
Turn   | Place    | Note
-------+----------+-------------------------------------------
     0 | D:1      | Gwenloh the Minotaur Berserker began the quest for the Orb.
     0 | D:1      | Reached XP level 1. HP: 19/19 MP: 0/0
   137 | D:1      | Reached skill level 4 in Axes
   256 | D:1      | Reached XP level 2. HP: 23/26 MP: 1/1
   830 | D:1      | Reached ** piety under Trog
   867 | D:1      | Reached skill level 5 in Axes
  1202 | D:1      | Found a faded altar of an unknown god.
  1464 | D:2      | Reached XP level 3. HP: 31/31 MP: 2/2
  1686 | D:2      | Reached skill level 6 in Axes
  1686 | D:2      | Reached XP level 4. HP: 28/39 MP: 3/3
  1857 | D:2      | Reached XP level 5. HP: 38/45 MP: 4/4
  1997 | D:2      | Reached skill level 7 in Axes
  2778 | D:3      | Found an ornate altar of the Wu Jian Council.
  2924 | D:3      | Reached *** piety under Trog
  3183 | D:4      | Noticed a black bear
  3194 | D:4      | Killed a black bear
  3195 | D:4      | Reached skill level 8 in Axes
  3195 | D:4      | Reached XP level 6. HP: 51/51 MP: 5/5
  3318 | D:4      | Reached skill level 9 in Axes
  3519 | D:4      | Noticed Blork the orc
  3536 | D:4      | Killed Blork the orc
  3810 | D:4      | Found a radiant altar of Vehumet.
  3867 | D:4      | Reached XP level 7. HP: 44/57 MP: 6/6
  3976 | D:4      | Found a basalt altar of Yredelemnul.
  3978 | D:4      | Noticed a profane servitor
  3984 | D:4      | Found a glowing golden altar of the Shining One.
  3986 | D:4      | Noticed an angel
  4443 | D:5      | Entered Level 5 of the Dungeon
  4474 | D:5      | You fall into a shaft and drop 1 floor!
  4512 | D:5      | Reached skill level 10 in Axes
  5060 | D:5      | Found a sparkling altar of Nemelex Xobeh.
  5063 | D:5      | Found a shimmering altar of Xom.
  5066 | D:5      | Found a bloodstained altar of Trog.
  5188 | D:5      | Found Siagiqut's General Store.
  5229 | D:5      | Reached skill level 11 in Axes
  5235 | D:5      | Reached XP level 8. HP: 64/64 MP: 7/7
  5545 | D:5      | Bought 2 scrolls of identify for 52 gold pieces
  6159 | D:6      | Found a staircase to the Ecumenical Temple.
  6649 | D:7      | Reached skill level 12 in Axes
  6996 | D:7      | Noticed a hornet
  7006 | D:7      | Paralysed by a hornet for 3 turns
  7007 | D:7      | HP: 5/100 [hornet (4)]
  7008 | D:7      | HP: 1/100 [poisoned by a hornet]
  7009 | D:7      | Succumbed to a hornet's poison

Illustrated notes

Levels and vault maps discovered:
D:1:      heliophobic_arrival_ceremonial_halls, layout_basic,
          shapermc_ecumenical_altar_hornbeckon, minmay_worlds_worst_comb
D:2:      layout_loops_ring, minmay_increasing_density
D:3:      layout_rooms, overflow_temple_1_default
D:4:      layout_loops_ring, grunt_temple_overflow_holy_war,
          lemuel_coloured_pillars_altar, nicolae_overflow_hidden_temple,
          uniq_blork_the_orc
D:5:      layout_loops_ring, minmay_overflow_temple_star_quad, serial_shops,
          nicolae_inconvenience_store
D:6:      layout_basic, minmay_temple_entry_trees
D:7:      layout_cave_pods, lemuel_round_altar

Skill      XL: |  1  2  3  4  5  6  7  8 |
---------------+-------------------------+-----
Axes           | 4 5 6 8 9 11 12 | 12.2
Fighting       | 4 |  4.8
Armour         | 4 |  4.0
Dodging        | 3 |  3.6

Action                   |  1- 3 |  4- 6 |  7- 9 || total
-------------------------+-------+-------+-------++-------
Melee: Hand axe          |    49 |    83 |     6 ||   138
       Headbutt          |    10 |    21 |    26 ||    57
       War axe           |       |       |    75 ||    75
 Fire: Hunting sling     |    29 |   114 |    55 ||   198
Throw: Stone             |     3 |    13 |       ||    16
       Dart              |       |     4 |     8 ||    12
Invok: Berserk           |     1 |     2 |     3 ||     6
       Trog's Hand       |     1 |     2 |     2 ||     5
  Use: Scroll            |       |       |    11 ||    11
Armor: Animal skin       |     5 |       |       ||     5
       Ring mail         |    10 |    30 |    30 ||    70
       Scale mail        |       |       |     4 ||     4
Dodge: Dodged            |    32 |    51 |    52 ||   135

Table legend: (Time is in decaauts)
 A = Elapsed time spent in this place.
 B = Non-inter-level travel time spent in this place.
 C = Inter-level travel time spent in this place.
 D = Time resting spent in this place.
 E = Time spent auto-exploring this place.
 F = Levels seen in this place.
 G = Mean time per level.
                   A        B        C        D        E       F      G
               +--------+--------+--------+--------+--------+-----+--------+
         Total |   7050 |   6824 |    226 |    559 |   5201 |   7 | 1007.1 |
       Dungeon |   7050 |   6824 |    226 |    559 |   5201 |   7 | 1007.1 |
               +--------+--------+--------+--------+--------+-----+--------+

Top non-repeatable levels by time:
     D:1: 1371 daAuts
     D:4: 1284 daAuts
     D:5: 1279 daAuts
     D:2: 1057 daAuts
     D:6: 909 daAuts
     D:3: 764 daAuts
     D:7: 384 daAuts
